 Dungeon Crawl Stone Soup version 0.29-a0-409-gd843f3a48c (webtiles) character file.

Game seed: 7423694684822198800

53 Demosthentine the Skirmisher (level 3, -4/33 HPs)
             Began as a Hill Orc Fighter on May 14, 2022.
             Slain by Sigmund
             ... wielding a +0 scythe
              (9 damage)
             ... on level 2 of the Dungeon.
             The game lasted 00:01:43 (1347 turns).

Demosthentine the Skirmisher (Hill Orc Fighter)     Turns: 1347, Time: 00:01:43

Health: -4/33      AC:  7    Str: 20    XL:     3   Next: 89%
Magic:  3/3        EV:  9    Int:  8    God:
Gold:   9          SH:  4    Dex: 10    Spells: 2/2 levels left

rFire   . . .      SeeInvis .   a - +0 war axe
rCold   . . .      Faith    .   c - +0 buckler
rNeg    . . .      Spirit   .   b - +0 scale mail
rPois   .          Reflect  .   (no helmet)
rElec   .          Harm     .   (no cloak)
rCorr   .          Rampage  .   (no gloves)
Will    .....                   (no boots)
Stlth   ..........              (no amulet)
HPRegen 0.11/turn               (no ring)
MPRegen 0.08/turn               (no ring)

@: mighty
A: no striking features
a: no special abilities


You were on level 2 of the Dungeon.
You visited 1 branch of the dungeon, and saw 2 of its levels.

You collected 39 gold pieces.
You spent 30 gold pieces at shops.

Inventory:

Hand Weapons
 a - a +0 war axe (weapon)
Armour
 b - a +0 scale mail (worn)
 c - a +0 buckler (worn)
 k - +0 fire dragon scales
Scrolls
 g - a scroll of magic mapping {unknown}
 h - a scroll of immolation {unknown}
 j - a scroll of teleportation
Potions
 e - 2 potions of resistance {unknown}
 f - a potion of mutation {unknown}
 i - a potion of curing {unknown}


   Skills:
 + Level 4.1 Fighting
 + Level 3.4 Axes
 + Level 3.7 Armour
 + Level 1.0 Dodging
 + Level 3.7 Shields


You had 2 spell levels left.
You didn't know any spells.
Your spell library was empty.

Dungeon Overview and Level Annotations

Branches:
Dungeon (2/15)

Altars:

Shops:
D:2 *

Annotations:
D:2 Sigmund


Message History

You resist with significant effort.
You bump into the rock wall.
Sigmund points at you and mumbles some strange words.
You are more confused.
Sigmund points at you and mumbles some strange words.
The puff of flame hits you.
There is an open door here.
You bump into the rock wall.
Sigmund zaps a wand.
The puff of flame hits you.
You feel very mighty all of a sudden. Sigmund closely misses you.
You see here a +0 kite shield.
You bump into the rock wall.
Sigmund hits you but does no damage. Sigmund hits you but does no damage.
You see here a +0 kite shield.
You bump into the rock wall.
Sigmund closely misses you.
You bump into the rock wall.
You feel less confused.
Sigmund's eyes start glowing with a red light.
Sigmund closely misses you.
You closely miss Sigmund. You closely miss Sigmund.
Sigmund hits you with a +0 scythe.
You completely miss Sigmund. Sigmund hits you but does no damage.
You barely miss Sigmund. Sigmund hits you with a +0 scythe!
You slice Sigmund!!
Sigmund is severely wounded.
Sigmund points at you and mumbles some strange words.
The puff of flame hits you!
* * * LOW HITPOINT WARNING * * *
You closely miss Sigmund.
Sigmund is severely wounded.
Sigmund casts a spell.
Sigmund flickers and vanishes!
Deactivating autopickup; reactivate with Ctrl-A.
You hear some strange, mumbled words.
A puff of flame appears from out of thin air!
The puff of flame hits you.
* * * LOW HITPOINT WARNING * * *
You slash something! You block something's attack.
You completely miss something. Something hits you!
You die...

### #<####.#####.# # ..#
#.# #.# # #.# ### #.# #.#
#.# #+## #.### #.# #...##
#)... #### #.### #.....#
##### ##...#####.#.##
##....... ##
......#.......####........
####.
....#.#......{@.'†.......
+....
#.#...#.....####........
####. #..∩..#.....#
##....... ##
#....#...#.####.# #.....#
# #.#...#.#..# #.# #...##
##...#...# #.# #+##
######.## #.# #.#
#.#####.# ##.# #..(....#
##..####


There were no monsters in sight!

Vanquished Creatures
  A gnoll (D:1)
  2 adders (D:2)
  A dart slug (D:1)
  An endoplasm (D:2)
  3 goblins
  5 hobgoblins
  3 ball pythons
  A bat (D:2)
  A frilled lizard (D:1)
  2 kobolds
  6 rats
26 creatures vanquished.

Notes
Turn   | Place    | Note
-------+----------+-------------------------------------------
     0 | D:1      | Demosthentine the Hill Orc Fighter began the quest for the
                  | Orb.
     0 | D:1      | Reached XP level 1. HP: 19/19 MP: 1/1
    48 | D:1      | Reached XP level 2. HP: 22/27 MP: 2/2
   364 | D:1      | Found a faded altar of an unknown god.
   880 | D:2      | Reached XP level 3. HP: 33/33 MP: 3/3
   899 | D:2      | Reached skill level 4 in Fighting
  1286 | D:2      | Found Gielala's General Store.
  1295 | D:2      | Bought a scroll of teleportation for 30 gold pieces
  1320 | D:2      | Noticed Sigmund
  1321 | D:2      | Reached skill level 1 in Dodging
  1347 | D:2      | Slain by Sigmund

Illustrated notes

Levels and vault maps discovered:
D:1:      dpeg_arrival_round_b, layout_basic, serial_forest,
          infiniplex_forest_join, infiniplex_forest_clump_C,
          infiniplex_forest_lined_4_way, infiniplex_forest_clump_long,
          infiniplex_forest_corner_2, infiniplex_forest_straight_3,
          infiniplex_forest_lined_2, ebering_ecumenical_altar_petrified
D:2:      layout_loops_corners, serial_shops, nicolae_diamond_shop, uniq_sigmund

Skill      XL: |  1  2  3 |
---------------+----------+-----
Axes           | 3 |  3.4
Fighting       | 4 |  4.1
Dodging        | 1 |  1.0
Armour         | |  3.7
Shields        | |  3.7

Action                   || total
-------------------------++-------
Melee: War axe           ||    77
  Use: Potion            ||     1
Armor: Scale mail        ||    31
Dodge: Dodged            ||    33
Block: Buckler           ||    24

Table legend: (Time is in decaauts)
 A = Elapsed time spent in this place.
 B = Non-inter-level travel time spent in this place.
 C = Inter-level travel time spent in this place.
 D = Time resting spent in this place.
 E = Time spent auto-exploring this place.
 F = Levels seen in this place.
 G = Mean time per level.
                   A        B        C        D        E       F      G
               +--------+--------+--------+--------+--------+-----+--------+
         Total |   1375 |   1332 |     43 |      0 |   1119 |   2 |  687.5 |
       Dungeon |   1375 |   1332 |     43 |      0 |   1119 |   2 |  687.5 |
               +--------+--------+--------+--------+--------+-----+--------+

Top non-repeatable levels by time:
     D:1: 859 daAuts
     D:2: 516 daAuts
